 Dungeon Crawl Stone Soup version 0.20-a0-1018-ge435b50 (webtiles) character file.

93879 Gorglomux the Brawler (level 16, 0/145 HPs)
             Began as a Ghoul Warper on Apr 17, 2017.
             Was a High Priest of Okawaru.
             Killed from afar by a storm dragon (26 damage)
             ... with a bolt of lightning
             ... on level 12 of the Dungeon on Apr 18, 2017.
             The game lasted 01:23:51 (25942 turns).

Gorglomux the Brawler (Ghoul Warper)               Turns: 25942, Time: 01:23:51

Health: 0/145      AC: 13    Str: 21    XL:     16   Next: 9%
Magic:  18/21      EV: 10    Int:  4    God:    Okawaru [*****.]
Gold:   1447       SH: 17    Dex: 13    Spells: 18/18 levels left

rFire    + . .     SeeInvis +     - Unarmed
rCold    + . .     Gourm    .   O - +0 large shield
rNeg     + + +     Faith    .   s - +0 chain mail
rPois    ∞         Spirit   .   V - +0 hat of Omission {MR+ Str+4 Int-4}
rElec    .         Reflect  .   W - +2 cloak {MR+}
rCorr    .         Harm     .   (no gloves)
MR       +++..                  (no boots)
Stlth    ..........             (no amulet)
Regen    0.0/turn               t - ring of protection from fire {rF+, !d}
MPRegen  0.2/turn               G - ring of see invisible {sInv, !d}

@: about to teleport, finesse, rotting
A: rotting body, claws 1, carnivore 3, cold resistance 1, negative energy
resistance 3, inhibited regeneration, torment resistance, unbreathing
a: Heroism, Finesse, Renounce Religion


You were on level 12 of the Dungeon.
You worshipped Okawaru.
Okawaru was extremely pleased with you.
You were not hungry.

You visited 3 branches of the dungeon, and saw 19 of its levels.
You also visited: Labyrinth.

You collected 1447 gold pieces.

Inventory:

Hand Weapons
 b - the +3 sling "Punk" {acid, rCorr}
   (You took it off a minotaur in a labyrinth)

   It protects you from acid and corrosion.
Missiles
 d - 5 tomahawks of dispersal {=f}
 h - 170 stones (quivered)
 j - a throwing net {=f, !d}
 q - 10 tomahawks
 z - 24 sling bullets
 F - 2 poisoned javelins
 M - 4 silver javelins
Armour
 s - a +0 chain mail (worn)
   (You found it on level 2 of the Dungeon)
 O - a +0 large shield (worn)
   (You found it on level 2 of the Lair of Beasts)
 V - the +0 hat of Omission (worn) {MR+ Str+4 Int-4}
   (Okawaru gifted it to you on level 11 of the Dungeon)

   It affects your strength (+4).
   It affects your intelligence (-4).
   It affects your resistance to hostile enchantments.
 W - a +2 cloak of magic resistance (worn)
   (You found it in a labyrinth)
Jewellery
 t - a ring of protection from fire (left claw) {rF+, !d}
   (You found it on level 5 of the Lair of Beasts)
 G - a ring of see invisible (right claw) {sInv, !d}
   (You found it on level 8 of the Dungeon)
 R - the cursed ring "Dale" {AC-2 Str+2, unknown}
   (You found it on level 11 of the Dungeon)

   [ring of protection]

   It affects your AC (-2).
   It affects your strength (+2).
   It has a curse placed upon it.
 X - an uncursed ring of flight {+Fly, !d}
   (You found it on level 3 of the Lair of Beasts)
 Y - the amulet "Qovvockeu" {Reflect +Blink rN+++ Str-5 Slay-5 SH+3, unknown}
   (You took it off a hell knight on level 11 of the Dungeon)

   [amulet of reflection]

   It shields you and reflects attacks.
   It affects your strength (-5).
   It affects your accuracy and damage with ranged weapons and melee attacks
   (-5).
   It renders you almost immune to negative energy.
   It lets you blink.
   It affects your SH (+3).
Wands
 p - a wand of disintegration (14/24)
   (You took it off Sonja on level 2 of the Lair of Beasts)
 w - a wand of disintegration (12/24)
   (You found it on level 6 of the Lair of Beasts)
 D - a wand of lightning (4/15)
   (You found it on level 11 of the Dungeon)
 I - a wand of lightning (11/15)
   (You took it off an orc on level 11 of the Dungeon)
 L - a wand of digging (5/24)
   (You found it in a labyrinth)
 S - a wand of digging (13/24)
   (You took it off Maurice on level 12 of the Dungeon)
 T - a wand of acid (6/15)
   (You found it on level 2 of the Lair of Beasts)
 U - a wand of lightning (10/15)
   (You found it on level 2 of the Lair of Beasts)
 Z - a wand of iceblast (6/15)
   (You found it on level 3 of the Lair of Beasts)
Scrolls
 c - 4 scrolls of blinking {!r}
 i - a scroll of recharging
 m - 5 scrolls of teleportation
 r - 6 scrolls of remove curse
 x - 3 scrolls of magic mapping {!r}
 y - 2 scrolls of fear
 A - 3 scrolls of torment
 C - 3 scrolls of immolation {!r}
 K - a scroll of fog
Potions
 e - 7 potions of heal wounds
 g - 7 potions of curing
 l - 3 potions of cancellation
 n - 2 potions of might
 o - 2 potions of flight
 u - 2 potions of resistance
 E - a potion of magic
 J - 2 potions of agility
 N - 3 potions of haste
 Q - 2 potions of ambrosia
Miscellaneous
 a - a lamp of fire
   (You found it on level 5 of the Lair of Beasts)
 v - a fan of gales
   (You found it on level 11 of the Dungeon)
 B - a sack of spiders
 H - a phial of floods
   (You found it in a labyrinth)
Comestibles
 f - 12 meat rations {@e2@e2}
 k - 16 royal jellies
 P - 19 chunks of flesh {@w0@w0}


   Skills:
 * Level 13.7 Fighting
 + Level 5.5(5.8) Slings
 - Level 2.8(4.5) Throwing
 - Level 7.2 Armour
 + Level 9.9 Dodging
 + Level 9.9 Shields
 * Level 17.0 Unarmed Combat
 - Level 1.7 Spellcasting
   Level 2.6 Translocations
 - Level 8.4 Invocations


You had 18 spell levels left.
You didn't know any spells.

Dungeon Overview and Level Annotations

Branches:
Dungeon (12/15)            Temple (1/1) D:6            Lair (6/6) D:9
 Shoals (0/4) Lair:2       Spider (0/4) Lair:4        Slime (0/5) Lair:5
    Orc (0/2) D:9

Altars:
Ashenzari
Cheibriados
Dithmenos
Elyvilon
Fedhas
Gozag
Hepliaklqana
Kikubaaqudgha
Makhleb
Nemelex Xobeh
Okawaru
Qazlal
Ru
Sif Muna
Trog
Uskayaw
Vehumet
Wu Jian
Xom
Yredelemnul
Zin
The Shining One
Jiyva

Shops:
D:2 *   D:9 (   D:10 (   D:12 *

Annotations:
D:5 sqweez's ghost, novice TrBe
Lair:2 1 runed door


Innate Abilities, Weirdness & Mutations

Your body is rotting away.
You thrive on raw meat.
You are immune to poison.
You have sharp fingernails.
You are carnivorous and can eat meat at any time.
Your flesh is cold resistant. (rC+)
You are immune to negative energy. (rN+++)
You do not regenerate when monsters are visible.
You are immune to unholy pain and torment.
You can survive without breathing.


Message History

You throw a stone. The stone hits the phantom.
Aim: a phantom (almost destroyed)
You throw a stone. The stone hits the phantom.
You destroy the phantom!
Okawaru accepts your kill.
No target in view!
No target in view!
No target in view!
h - 171 stones (gained 1)
There is a large open door here.
A two-headed ogre and a cyclops come into view.
The two-headed ogre shouts in stereo!
The cyclops shouts!
An orc warlord comes into view. It is wielding an enchanted long sword.
You see here 2 stones.
You regained 2 hp, and now have 111/145 hp.
There are monsters nearby!
There are monsters nearby!
There are monsters nearby!
You gain the combat prowess of a mighty hero.
The orc warlord shouts!
A flayed ghost comes into view.
You now have 19/21 mp.
You don't know any spells.
Unknown command.
There is a large open door here.
The orc warlord roars a battlecry!
Your shield prevents you from hitting the two-headed ogre.
You block the two-headed ogre's attack.
The two-headed ogre hits you with a giant spiked club!!
You take 23 damage, and have 88/145 hp.
You mangle the two-headed ogre!!
You hear a shout!
The two-headed ogre completely misses you.
You block the two-headed ogre's attack.
You eviscerate the two-headed ogre!!!
You kill the two-headed ogre!
Okawaru accepts your kill.
Aim: an orc warlord, wielding an enchanted long sword and wearing a plate armour You throw a stone.
The stone hits the orc warlord but does no damage.
The orc warlord unwields an uncursed enchanted long sword.
The orc warlord wields an arbalest.
The orc warlord shoots a bolt.
You block the bolt.
MP restored: 21 You can now deal lightning-fast blows.
You now have 16/21 mp.
The orc warlord shoots a bolt.
The bolt hits you!!
You hear a shout! x2
You see here 2 bolts.
You take 21 damage, and have 68/145 hp.
You feel like a meek peon again.
You hear a deafening roar!
The orc warlord shoots a bolt.
The bolt hits you!!
* * * LOW HITPOINT WARNING * * *
Things that are here:
a bolt; a giant club; a giant spiked club You take 35 damage, and have 33/145 hp.
MASSIVE DAMAGE!!
The orc warlord shoots a bolt.
You block the bolt.
You see here 3 bolts.
Unknown command.
As you read the scroll of teleportation, it crumbles to dust.
You feel strangely unstable.
The cyclops throws a large rock.
The large rock closely misses you.
Unknown command.
Your surroundings suddenly seem different.
A deep elf high priest comes into view. It is wielding a short sword of speed.
The deep elf high priest mumbles some strange prayers to its god.
The deep elf high priest begins emitting a brilliant aura!
The orc wizard is empowered by the deep elf high priest's aura!
A storm dragon comes into view.
The storm dragon breathes lightning at you.
The bolt of lightning misses you.
An orc wizard and a centaur warrior come into view.
Unknown command.
As you read the scroll of fog, it crumbles to dust.
The scroll dissolves into smoke.
You block the centaur warrior's attack.
As you read the scroll of teleportation, it crumbles to dust.
You feel strangely unstable.
The centaur warrior hits you but does no damage.
You mangle the centaur warrior!!
The centaur warrior hits you but does no damage.
You claw the centaur warrior!
The orc wizard no longer looks unusually strong.
The orc wizard casts a spell.
The orc wizard flickers and vanishes for a moment.
You claw the centaur warrior! The centaur warrior hits you!
* * * LOW HITPOINT WARNING * * *
You take 8 damage, and have 26/145 hp.
Unknown command.
You mangle the centaur warrior!!
You kill the centaur warrior!
Okawaru accepts your kill.
Unknown command.
You see here 15 gold pieces.
Unknown command.
You claw the deep elf high priest!
The storm dragon breathes lightning at you.
The bolt of lightning hits you!
You die...

.≈≈≈≈≈≈≈≈≈≈≈≈≈≈≈≈≈≈≈
.≈##########''##########
..................#
..................#
################..#
#$.C.W.........#..#
#..o.e(........#..#
#.(####'§####..#..#
#..#$...§§e@#..#..#
#(.#....§o§D#..#..#
#..#.(####§§#..#..#
#..#(. #(.#..#..# #..#..
#.(#..#..# #..#..#.
#..#..#..# #..#..#.
D..#)†#..# #..#..#
..$#..#..#
#..#..##########..#..#


You could see a storm dragon, a deep elf high priest and an orc wizard
(invisible).

Vanquished Creatures
  A sphinx (D:12)
  Gastronok (Lair:3)
  2 frost giants (D:11)
  A very ugly thing (D:11)
  The ghost of George the Carver, a journeyman MiFi of Makhleb (D:12)
  2 ettins (D:11)
  A minotaur (Lab)
  An ogre mage (D:11)
  2 catoblepae
  5 hydras
  Erica (D:9)
  5 centaur warriors
  5 two-headed ogres
  4 death yaks (Lair:6)
  A hell knight (D:11)
  Nergalle (D:12)
  Sonja (Lair:2)
  2 skeletal warriors (D:11)
  A deep troll (D:10)
  3 unseen horrors (D:11)
  A flayed ghost (D:11)
  2 wizards (D:11)
  4 lindwurms (Lair:5)
  2 cyclopes
  2 deep elf magi
  11 ugly things
  A manticore (D:12)
  7 slime creatures (D:11)
  Maurice (D:12)
  A merfolk siren (Lair:2)
  22 elephants
  2 gargoyles (D:11)
  14 spiny frogs
  2 yaktaurs (D:12)
  A kobold demonologist (D:10)
  5 rime drakes
  A demonic crawler (Lair:4)
  6 komodo dragons
  A merfolk (Lair:2)
  5 polar bears
  A queen bee (D:9)
  4 trolls
  4 hornets (Lair:6)
  31 blink frogs
  A meliai zombie (D:11)
  10 hippogriffs
  2 dream sheep (Lair:6)
  11 spriggans (Lair:6)
  3 wyverns
  33 yaks
  A hungry ghost (D:12)
  A basilisk (Lair:5)
  3 vampire mosquitoes
  A naga (D:8)
  2 wargs (D:9)
  Edmund (D:6)
  An acid dragon (D:11)
  13 water moccasins
  9 porcupines
  5 sky beasts
  3 necrophages
  5 orc warriors (D:9)
  6 phantoms
  6 black bears
  3 ice beasts
  7 ogres
  5 boggarts (Lair:6)
  4 centaurs
  28 wolves
  16 crocodiles
  24 big kobolds
  2 gnoll sergeants
  16 bullfrogs
  A wyvern zombie (D:12)
  A wyvern skeleton (D:12)
  4 scorpions
  27 killer bees
  A howler monkey (D:12)
  An electric eel (D:11)
  5 crimson imps
  5 bullfrog zombies
  3 centaur zombies
  3 jellies
  7 hounds
  Crazy Yiuf (D:4)
  A centaur skeleton (D:6)
  9 orc priests
  3 gnoll shamans (D:6)
  4 iguanas
  9 orc wizards
  5 hell rats (Lair:6)
  12 worker ants
  A killer bee zombie (D:9)
  A bullfrog simulacrum (D:11)
  2 hound skeletons
  A worker ant zombie (D:9)
  41 gnolls
  A howler monkey skeleton (D:10)
  10 adders
  5 river rats (Lair:6)
  A hound simulacrum (D:11)
  2 shadow imps
  3 adder skeletons
  4 worms
  4 dart slugs
  6 leopard geckos
  34 orcs
  3 ball pythons
  5 giant cockroaches
  7 goblins
  6 hobgoblins
  20 jackals
  32 kobolds
  3 quokkas
  8 bats
  A frilled lizard (D:2)
  A giant cockroach zombie (D:5)
  A leopard gecko skeleton (D:4)
  A quokka zombie (D:7)
  14 rats
714 creatures vanquished.

Vanquished Creatures (others)
  A fire dragon (D:11)
  A bullfrog (D:11)
  15 fungi
  36 plants
  11 toadstools (Lair:2)
64 creatures vanquished.

Grand Total: 778 creatures vanquished

Notes
Turn   | Place    | Note
-------+----------+-------------------------------------------
     0 | D:1      | Gorglomux the Ghoul Warper began the quest for the Orb.
     0 | D:1      | Reached XP level 1. HP: 17/17 MP: 2/2
     0 | D:1      | Gorglomux: !lg * gh win -log
     0 | D:1      | beem: 1172. DamnitSS, XL25 GhMo, T:107534: https://webzook.net/soup/morgue/trunk/DamnitSS/morgue-DamnitSS-20170416-143402.txt
   208 | D:1      | Gorglomux: !whichgod gh
   208 | D:1      | beem: 335 recent wins: 77x Ru, 63x Okawaru, 44x Makhleb, 22x Uskayaw, 21x Cheibriados, 17x Lugonu, 15x Hepliaklqana, 13x Yredelemnul, 12x Qazlal, 11x Trog, 8x Xom, 7x Nemelex Xobeh, 7x Pakellas, 7x Ashenzari, 4x Kikubaaqudgha, 3x Wu Jian, 2x Gozag, Dithmenos, Jiyva
   208 | D:1      | Gorglomux: !whichgod ghwp
   208 | D:1      | beem: No keyword 'ghwp'
   208 | D:1      | Gorglomux: !whichgod ghwr
   208 | D:1      | beem: 11 recent wins: 3x Ru, 2x Yredelemnul, 2x Cheibriados, 2x Okawaru, Uskayaw, Ashenzari
   274 | D:1      | Reached XP level 2. HP: 25/25 MP: 3/3
   399 | D:1      | Reached skill level 3 in Unarmed Combat
  1012 | D:2      | Reached XP level 3. HP: 24/30 MP: 4/4
  1342 | D:2      | Reached skill level 4 in Unarmed Combat
  1421 | D:2      | Reached XP level 4. HP: 17/37 MP: 5/5
  1610 | D:2      | Reached skill level 3 in Fighting
  1647 | D:2      | Found Zin's Purification Station.
  1657 | D:2      | Found a glowing silver altar of Zin.
  2004 | D:3      | Gorglomux: !lg * gh win -log -2
  2004 | D:3      | beem: 1171/1172. North, XL27 GhFi, T:96314: http://crawl.xtahua.com/crawl/morgue/North/morgue-North-20170410-152247.txt
  2004 | D:3      | Gorglomux: !lg * gh win -log -3
  2004 | D:3      | beem: 1170/1172. Sphorg, XL27 GhMo, T:100115: http://crawl.berotato.org/crawl/morgue/Sphorg/morgue-Sphorg-20170406-200523.txt
  2004 | D:3      | Gorglomux: !lg * gh win -log -4
  2004 | D:3      | beem: 1169/1172. Manman, XL27 GhCK, T:53974: http://crawl.berotato.org/crawl/morgue/Manman/morgue-Manman-20170406-001232.txt
  2219 | D:3      | Reached XP level 5. HP: 41/45 MP: 6/6
  2288 | D:3      | Reached skill level 5 in Unarmed Combat
  2696 | D:3      | HP: 11/45 [gnoll/club (5)]
  2931 | D:4      | HP: 7/45 [gnoll/flail (7)]
  3262 | D:4      | Reached skill level 6 in Unarmed Combat
  3262 | D:4      | Reached XP level 6. HP: 51/51 MP: 7/7
  3436 | D:4      | Found a runed door.
  3662 | D:4      | Reached skill level 7 in Unarmed Combat
  4176 | D:4      | Noticed Crazy Yiuf
  4181 | D:4      | Killed Crazy Yiuf
  4263 | D:5      | Entered Level 5 of the Dungeon
  4290 | D:5      | HP: 12/51 [centaur (7)]
  4295 | D:5      | Reached XP level 7. HP: 9/57 MP: 8/8
  4764 | D:5      | Reached skill level 8 in Unarmed Combat
  5031 | D:5      | Noticed sqweez's ghost (novice TrBe)
  5402 | D:6      | Reached skill level 9 in Unarmed Combat
  5417 | D:6      | Noticed Edmund
  5428 | D:6      | Killed Edmund
  5428 | D:6      | Reached XP level 8. HP: 31/62 MP: 9/9
  5502 | D:6      | Found a staircase to the Ecumenical Temple.
  5555 | D:6      | HP: 12/63 [worker ant (4)]
  5789 | Temple   | Entered the Ecumenical Temple
  5790 | Temple   | Gorglomux: !rng oka makh ru
  5790 | Temple   | beem: The RNG chooses: oka.
  5790 | Temple   | Gorglomux: !rng oka makh ru
  5790 | Temple   | beem: The RNG chooses: oka.
  5790 | Temple   | Gorglomux: !rng oka makh ru
  5790 | Temple   | beem: The RNG chooses: makh.
  6070 | Temple   | Became a worshipper of Warmaster Okawaru
  6101 | D:6      | Reached skill level 10 in Unarmed Combat
  6536 | D:6      | Reached skill level 11 in Unarmed Combat
  6567 | D:6      | HP: 10/63 [acid (9)]
  6576 | D:6      | HP: 11/63 [acid (6)]
  6589 | D:6      | Reached * piety under Okawaru
  6682 | D:6      | Reached skill level 1 in Armour
  6708 | D:6      | Reached skill level 2 in Dodging
  6745 | D:6      | Reached skill level 1 in Invocations
  6805 | D:6      | HP: 12/63 [gnoll/spear (4)]
  6806 | D:6      | Reached skill level 1 in Shields
  6959 | D:6      | Reached XP level 9. HP: 66/70 MP: 10/10
  7131 | D:6      | Reached skill level 2 in Invocations
  7488 | D:7      | Found an opulent altar of Gozag.
  7608 | D:7      | Reached skill level 3 in Invocations
  7854 | D:7      | You fall through a shaft!
  7854 | D:8      | Noticed a two-headed ogre
  7869 | D:8      | Reached skill level 2 in Armour
  7872 | D:8      | Killed a two-headed ogre
  7872 | D:8      | Reached ** piety under Okawaru
  7872 | D:8      | Reached skill level 3 in Dodging
  7872 | D:8      | Reached skill level 2 in Shields
  7872 | D:8      | Reached skill level 4 in Invocations
  8023 | D:8      | HP: 14/70 [wyvern (9)]
  8036 | D:8      | Reached skill level 5 in Invocations
  8217 | D:8      | Found a sacrificial altar of Ru.
  8303 | D:8      | Reached skill level 3 in Armour
  8443 | D:8      | Reached XP level 10. HP: 68/78 MP: 11/13
  8454 | D:8      | Reached skill level 3 in Shields
  8459 | D:8      | Reached skill level 4 in Dodging
  8499 | D:8      | Reached skill level 4 in Fighting
  8645 | D:9      | Reached *** piety under Okawaru
  8667 | D:9      | Found a staircase to the Lair.
  8711 | D:9      | Reached skill level 12 in Unarmed Combat
  8916 | D:9      | Found Wycseb's Weapon Emporium.
  9071 | D:9      | Noticed Erica
  9092 | D:9      | Killed Erica
  9092 | D:9      | Reached skill level 6 in Invocations
  9208 | D:9      | Reached skill level 5 in Fighting
  9208 | D:9      | Reached skill level 4 in Armour
  9217 | D:9      | Reached skill level 4 in Shields
  9461 | D:9      | Found a staircase to the Orcish Mines.
  9485 | D:9      | Reached **** piety under Okawaru
  9505 | D:9      | Reached skill level 7 in Invocations
  9535 | D:9      | Noticed a two-headed ogre
  9554 | D:9      | HP: 18/81 [big kobold/dagger (3)]
  9967 | D:9      | Reached XP level 11. HP: 70/88 MP: 12/15
 10003 | D:8      | Killed a two-headed ogre
 10003 | D:8      | Reached skill level 5 in Dodging
 10377 | D:9      | Found a glowing golden altar of the Shining One.
 10546 | D:10     | Entered Level 10 of the Dungeon
 10645 | D:10     | Reached skill level 8 in Invocations
 10654 | D:10     | Reached ***** piety under Okawaru
 10684 | D:10     | Reached skill level 5 in Shields
 10699 | D:10     | Reached skill level 5 in Armour
 11273 | D:10     | Found Teosak's Antique Weapon Boutique.
 11315 | D:10     | Reached skill level 6 in Fighting
 11524 | Lair:1   | Entered Level 1 of the Lair of Beasts
 11977 | Lair:1   | Reached skill level 6 in Dodging
 12021 | Lair:1   | Received a gift from Okawaru
 12150 | Lair:1   | Reached XP level 12. HP: 80/95 MP: 17/17
 12313 | Lair:1   | Reached skill level 6 in Armour
 12423 | Lair:1   | Reached skill level 6 in Shields
 12423 | Lair:1   | Reached skill level 13 in Unarmed Combat
 12665 | Lair:1   | Reached skill level 7 in Fighting
 12711 | Lair:2   | Noticed Sonja
 12713 | Lair:2   | Killed Sonja
 12749 | Lair:2   | Noticed a catoblepas
 13130 | Lair:2   | Killed a catoblepas
 13346 | Lair:2   | Found a staircase to the Shoals.
 13732 | Lair:2   | Found a runed door.
 13924 | Lair:2   | Received a gift from Okawaru
 13929 | Lair:2   | Got a steaming buckler {god gift}
 13940 | Lair:2   | Identified the +2 buckler "Woropt" {Int+3} (Okawaru gifted it to you on level 2 of the Lair of Beasts)
 14474 | Lair:3   | HP: 23/101 [hippogriff (3)]
 14487 | Lair:2   | Reached skill level 7 in Dodging
 14524 | Lair:3   | HP: 19/101 [blink frog (7)]
 14530 | Lair:3   | Reached skill level 8 in Fighting
 14539 | Lair:3   | HP: 25/101 [blink frog (11)]
 14674 | Lair:3   | Noticed an eight-headed hydra
 14684 | Lair:3   | Killed an eight-headed hydra
 14787 | Lair:3   | Noticed Gastronok
 14794 | Lair:3   | Reached skill level 7 in Armour
 14866 | Lair:3   | Killed Gastronok
 14866 | Lair:3   | Reached skill level 14 in Unarmed Combat
 14866 | Lair:3   | Reached XP level 13. HP: 64/108 MP: 10/18
 14915 | Lair:3   | Reached skill level 7 in Shields
 15253 | Lair:3   | HP: 26/110 [blink frog (14)]
 15264 | Lair:3   | HP: 13/110 [blink frog (13)]
 15905 | Lair:4   | Reached skill level 1 in Throwing
 15986 | Lair:4   | Reached skill level 9 in Fighting
 16002 | Lair:4   | Found a hole to the Spider Nest.
 16022 | Lair:4   | Found a labyrinth entrance.
 16033 | Lab      | Entered a labyrinth
 16134 | Lab      | Noticed a minotaur
 16148 | Lab      | Killed a minotaur
 16551 | Lair:4   | Reached skill level 2 in Throwing
 16838 | Lair:4   | HP: 20/111 [five-headed hydra (11)]
 16838 | Lair:4   | HP: 9/111 [five-headed hydra (11)]
 17607 | Lair:5   | Found a basalt altar of Yredelemnul.
 17743 | Lair:5   | Received a gift from Okawaru
 17743 | Lair:5   | Reached skill level 10 in Fighting
 18054 | Lair:5   | Reached skill level 8 in Dodging
 18212 | Lair:5   | Found a viscous altar of Jiyva.
 18212 | Lair:5   | Found a staircase to the Slime Pits.
 18278 | Lair:5   | Reached skill level 1 in Slings
 18827 | Lair:5   | Reached XP level 14. HP: 122/122 MP: 19/19
 19006 | Lair:5   | Got a twisted plate armour
 19017 | Lair:5   | Identified the +3 plate armour of Sloth {rCorr Str-4 Stlth+} (You found it on level 5 of the Lair of Beasts)
 19025 | Lair:5   | Got a translucent helmet
 19036 | Lair:5   | Identified the +2 helmet of Xomido {Str+4 Int-5} (You found it on level 5 of the Lair of Beasts)
 19074 | Lair:5   | Reached skill level 15 in Unarmed Combat
 19118 | Lair:5   | Reached skill level 8 in Shields
 19234 | Lair:6   | Entered Level 6 of the Lair of Beasts
 19452 | Lair:6   | Reached skill level 2 in Slings
 19781 | Lair:6   | Reached skill level 11 in Fighting
 19895 | Lair:6   | Received a gift from Okawaru
 19898 | Lair:6   | Got a pair of steaming gloves {god gift}
 19904 | Lair:6   | Identified the +3 pair of gloves "Xuirghosch" {Slay+3} (Okawaru gifted it to you on level 6 of the Lair of Beasts)
 19930 | Lair:6   | Gorglomux: ??claws
 19930 | Lair:6   | beem: claws[1/1]: +2 unarmed base damage per level and increases {punch} damage. Level 3 chops off hydra heads. The effects of claws are eliminated if you're wearing gloves, though at claws 3 you can't use the slot anyways.
 20369 | Lair:6   | Reached skill level 3 in Slings
 20806 | Lair:6   | HP: 30/125 [spiny frog (12)]
 20811 | Lair:6   | HP: 27/125 [spiny frog (3)]
 21156 | Lair:6   | Reached skill level 12 in Fighting
 21420 | Lair:6   | Got a coiled lead ring
 21424 | Lair:6   | Identified the ring of Wianut {Str+2 Stlth-} (You found it on level 6 of the Lair of Beasts)
 21819 | Lair:6   | Reached skill level 9 in Dodging
 21824 | Lair:6   | Received a gift from Okawaru
 22113 | D:11     | Reached skill level 16 in Unarmed Combat
 22113 | D:11     | Reached XP level 15. HP: 114/134 MP: 20/20
 22135 | D:11     | Reached skill level 4 in Slings
 22171 | D:11     | Reached skill level 9 in Shields
 22199 | D:11     | HP: 7/134 [stone giant (29)]
 23020 | D:11     | Noticed a frost giant
 23503 | D:11     | Received a gift from Okawaru
 23762 | D:11     | Got a pitted jade ring
 23789 | D:11     | Killed a frost giant
 23951 | D:11     | Reached skill level 13 in Fighting
 23953 | D:11     | Got a flickering jade amulet
 24289 | D:11     | Received a gift from Okawaru
 24338 | D:11     | Got a pitted hat {god gift}
 24345 | D:11     | Identified the +0 hat of Omission {MR+ Str+4 Int-4} (Okawaru gifted it to you on level 11 of the Dungeon)
 24610 | D:11     | Noticed a frost giant
 24623 | D:11     | Killed a frost giant
 24623 | D:11     | Reached skill level 5 in Slings
 25199 | D:12     | Noticed Nergalle
 25204 | D:12     | Killed Nergalle
 25374 | D:12     | Noticed Maurice
 25385 | D:12     | Killed Maurice
 25395 | D:12     | Found Ybanof's Changing Room.
 25474 | D:12     | Noticed George's ghost (journeyman MiFi)
 25492 | D:12     | Killed George's ghost
 25825 | D:12     | Reached XP level 16. HP: 104/144 MP: 19/21
 25855 | D:12     | Noticed a sphinx
 25866 | D:12     | Killed a sphinx
 25866 | D:12     | Reached skill level 17 in Unarmed Combat
 25929 | D:12     | HP: 33/145 [orc warlord/bolt (35)]
 25935 | D:12     | Noticed a storm dragon
 25939 | D:12     | HP: 26/145 [centaur warrior (8)]
 25942 | D:12     | Killed from afar by a storm dragon

Vault maps used:
D:1:      lightli_iron_boxes
D:2:      zin_purify, first_bread
D:4:      hangedman_decor_opposing, minmay_misc_feat_diagonals,
          uniq_crazy_yiuf_cottage
D:6:      lemuel_castle_with_subvaults, minmay_temple_entry_mist,
          serial_park_tiny_1, uniq_edmund
D:7:      nicolae_gozag_cash_rules_everything_around_me, uniq_prince_ribbit1
D:8:      basic_altar
D:9:      erik_lair_orcish_takeover, kennysheep_orc_monster_closet_entryway,
          serial_shops, kennysheep_mini, david_nohive_1, tso_metal_star,
          uniq_erica
D:10:     serial_shops, shop, special_room
D:11:     cheibrodos_breeding_chamber, serial_bayou_lagoon_a,
          minmay_the_grid_octo_tiled_squarecenter_mashed
D:12:     lemuel_traditional_vault, nicolae_transmutations_shop, uniq_nergalle,
          uniq_maurice
Temple:   regret_index_temple_sigil_plot
Lair:2:   gammafunk_lair_enchanted_lake, elwin_shoals_entry_rooms,
          grunt_forest_stairs_basic, grunt_megastairs_3, uniq_sonja
Lair:3:   lemuel_fruit_tree, grunt_megastairs_4, serial_bayou_shore_b,
          uniq_gastronok
Lair:4:   nicolae_spider_entry_non_spiders, lab_entry_generic,
          lemuel_fruit_fields, grunt_megastairs_1
Lair:5:   slime_altar_1, basic_altar, mumra_transporter_accident,
          minmay_lindwurm_lava
Lair:6:   minmay_lair_end_enchanted_forest, nicolae_lair_grove_arrangements,
          st_stairs_4, kennysheep_abandoned_house
Lab:      nicolae_lab_stuck, nicolae_lab_dead_end, labyrinth_skeletal_remains,
          nicolae_lab_checkerboard, labyrinth_glass_1, nicolae_lab_diamond

Skill      XL: |  1  2  3  4  5  6  7  8  9 10 11 12 13 14 15 16 |
---------------+-------------------------------------------------+-----
Unarmed Combat | 3 4 6 7 9 11 12 14 16 17 | 17.0
Fighting       | 3 5 6 8 10 12 13 | 13.7
Armour         | 1 3 4 5 7 |  7.2
Dodging        | 2 3 4 6 7 8 9 |  9.9
Invocations    | 1 5 7 8 |  8.4
Shields        | 1 2 4 5 6 7 8 9 |  9.9
Throwing       | 2 |  2.8
Slings         | 1 3 5 |  5.5
Spellcasting   | |  1.7
Translocations | |  2.6

Action                   |  1- 3 |  4- 6 |  7- 9 | 10-12 | 13-15 | 16-18 || total
-------------------------+-------+-------+-------+-------+-------+-------++-------
Melee: Unarmed           |   117 |   219 |   383 |   838 |  1343 |    37 ||  2937
       Punch             |     1 |     2 |     3 |       |       |       ||     6
 Fire: Blowgun           |       |       |       |    13 |       |       ||    13
       Fustibalus        |       |       |       |       |   204 |       ||   204
Throw: Tomahawk          |       |    57 |    51 |   132 |   116 |       ||   356
       Javelin           |       |       |    31 |    33 |    17 |       ||    81
       Stone             |       |       |       |       |   155 |    12 ||   167
Invok: Heroism           |       |       |     4 |    13 |    29 |     1 ||    47
       Finesse           |       |       |       |     4 |    15 |     1 ||    20
 Abil: Evoke Flight      |       |       |       |       |     2 |       ||     2
Evoke: Wand              |       |       |     5 |     7 |     2 |       ||    14
       Lamp of fire      |       |       |       |       |     1 |       ||     1
       Phial of floods   |       |       |       |       |     1 |       ||     1
  Use: Scroll            |       |     2 |     1 |    20 |    12 |     3 ||    38
       Potion            |       |     2 |     1 |       |     1 |       ||     4
 Stab: Petrified         |       |       |       |       |     4 |       ||     4
       Invisible         |       |       |       |       |     9 |       ||     9
  Eat: Chunk             |    13 |    20 |    42 |    81 |    79 |     2 ||   237
       Meat ration       |       |       |       |     1 |       |       ||     1
Armor: Leather armour    |    46 |    54 |       |       |       |       ||   100
       Chain mail        |       |     6 |   181 |   321 |   405 |    10 ||   923
Dodge: Dodged            |    83 |   134 |    83 |   199 |   301 |     9 ||   809
Block: Shield            |       |       |    70 |   396 |   189 |       ||   655
       Large shield      |       |       |       |       |   683 |    22 ||   705

Vault maps used:
D:1:      lightli_iron_boxes
D:2:      zin_purify, first_bread
D:4:      hangedman_decor_opposing, minmay_misc_feat_diagonals,
          uniq_crazy_yiuf_cottage
D:6:      lemuel_castle_with_subvaults, minmay_temple_entry_mist,
          serial_park_tiny_1, uniq_edmund
D:7:      nicolae_gozag_cash_rules_everything_around_me, uniq_prince_ribbit1
D:8:      basic_altar
D:9:      erik_lair_orcish_takeover, kennysheep_orc_monster_closet_entryway,
          serial_shops, kennysheep_mini, david_nohive_1, tso_metal_star,
          uniq_erica
D:10:     serial_shops, shop, special_room
D:11:     cheibrodos_breeding_chamber, serial_bayou_lagoon_a,
          minmay_the_grid_octo_tiled_squarecenter_mashed
D:12:     lemuel_traditional_vault, nicolae_transmutations_shop, uniq_nergalle,
          uniq_maurice
Temple:   regret_index_temple_sigil_plot
Lair:2:   gammafunk_lair_enchanted_lake, elwin_shoals_entry_rooms,
          grunt_forest_stairs_basic, grunt_megastairs_3, uniq_sonja
Lair:3:   lemuel_fruit_tree, grunt_megastairs_4, serial_bayou_shore_b,
          uniq_gastronok
Lair:4:   nicolae_spider_entry_non_spiders, lab_entry_generic,
          lemuel_fruit_fields, grunt_megastairs_1
Lair:5:   slime_altar_1, basic_altar, mumra_transporter_accident,
          minmay_lindwurm_lava
Lair:6:   minmay_lair_end_enchanted_forest, nicolae_lair_grove_arrangements,
          st_stairs_4, kennysheep_abandoned_house
Lab:      nicolae_lab_stuck, nicolae_lab_dead_end, labyrinth_skeletal_remains,
          nicolae_lab_checkerboard, labyrinth_glass_1, nicolae_lab_diamond

Table legend:
 A = Turns spent in this place as a percentage of turns spent in the entire game.
 B = Non-inter-level travel turns spent in this place as a percentage of non-inter-level travel turns spent in the entire game.
 C = Inter-level travel turns spent in this place as a percentage of turns spent in this place.
 D = Turns resting spent in this place as a percentage of non-inter-level travel turns spent in this place.
 E = Turns spent auto-exploring this place as a percentage of non-inter-level travel turns spent in this place.
 F = Non-inter-level travel turns spent in this place divided by the number of levels of this place that you've seen.
                   A       B       C       D       E      F
               +-------+-------+-------+-------+-------+----------------------
         Total | 100.0 | 100.0 |   0.4 |   1.9 |   5.7 | 472.1
       Dungeon |  58.6 |  58.5 |   0.5 |   2.0 |   6.2 | 460.3
        Temple |   0.4 |   0.3 |   2.9 |   0.0 |  60.6 |  33.0
          Lair |  39.5 |  39.6 |   0.2 |   1.7 |   4.7 | 623.2
     Labyrinth |   1.5 |   1.5 |   0.0 |   0.0 |   0.0 | 146.0
               +-------+-------+-------+-------+-------+----------------------

Table legend:
 A = Kills in this place as a percentage of kills in entire the game.
 B = Kills by you in this place as a percentage of kills by you in the entire game.
 C = Kills by friends in this place as a percentage of kills by friends in the entire game.
 D = Other kills in this place as a percentage of other kills in the entire game.
 E = Experience gained in this place as a percentage of experience gained in the entire game.
 F = Experience gained in this place divided by the number of levels of this place that you have seen.
                   A       B       C       D       E      F
               +-------+-------+-------+-------+-------+----------------------
         Total | 100.0 | 100.0 |  -nan | 100.0 | 100.0 | 6705.7
       Dungeon |  61.7 |  61.6 |  -nan | 100.0 |  46.6 | 5204.6
          Lair |  38.2 |  38.2 |  -nan |   0.0 |  52.6 | 11764.7
     Labyrinth |   0.1 |   0.1 |  -nan |   0.0 |   0.8 | 1071.0
               +-------+-------+-------+-------+-------+----------------------
